 Dungeon Crawl Stone Soup version 0.17-a0-1632-g0af21bd (webtiles) character file.

15545 Tobbichi the Fighter (level 12, -3/118 HPs)
             Began as a Minotaur Fighter on Aug 3, 2015.
             Was a High Priest of Trog.
             Slain by a blink frog (7 damage)
             ... on level 3 of the Lair of Beasts.
             The game lasted 00:43:11 (13276 turns).

Tobbichi the Fighter (Minotaur Fighter)            Turns: 13276, Time: 00:43:13

Health: -3/118     AC: 23    Str: 27    XL:     12   Next: 2%
Magic:  11/11      EV:  8    Int:  5    God:    Trog [*****.]
Gold:   627        SH:  0    Dex: 11    Spells: 0 memorised, 11 levels left

rFire  . . .     SeeInvis +     N - +3 halberd (freeze)
rCold  + . .     Rnd*Rage +     D - +0 plate armour
rNeg   . . .     SustAt   +     (no shield)
rPois  +         Gourm    .     (helmet restricted)
rElec  .         Spirit   .     x - +0 cloak
rCorr  .         Warding  .     q - +0 pair of gloves
rMut   .         Stasis   .     V - +2 pair of boots
MR     +++..                    (no amulet)
Stlth  ..........               f - ring of sustain attributes
                                s - ring of poison resistance

@: exhausted, regenerating, slowed, very slow, extremely resistant to hostile
enchantments, extremely unstealthy
A: retaliatory headbutt, horns 2, see invisible, berserk 1, cold resistance 1,
magic resistance 1, sense surroundings 1, regeneration 1, spit poison 1, strong
1
a: Spit Poison, Burn Spellbooks, Berserk, Trog's Hand, Brothers in Arms,
Renounce Religion


You were on level 3 of the Lair of Beasts.
You worshipped Trog.
Trog was extremely pleased with you.
You were very hungry.

You visited 2 branches of the dungeon, and saw 12 of its levels.

You collected 627 gold pieces.

Inventory:

Hand weapons
 j - a +0 battleaxe
 G - a +0 blowgun
 N - a +3 halberd of freezing (weapon)
 R - a +2 morningstar of holy wrath
 S - a cursed +3 flail
Missiles
 H - 47 poisoned needles
Armour
 c - a +0 shield
 q - a +0 pair of gloves (worn)
 u - a +1 animal skin
 x - a +0 cloak (worn)
 D - a +0 plate armour (worn)
 V - a +2 pair of boots (worn)
Jewellery
 f - a ring of sustain attributes (right hand)
 s - a ring of poison resistance (left hand)
Magical devices
 h - a wand of disintegration (7)
 w - a wand of disintegration (7)
 C - a wand of frost (20)
 K - a wand of enslavement (17)
 O - a wand of flame (13)
 T - a wand of teleportation (4)
 U - a wand of magic darts (21)
Scrolls
 k - a scroll of fog {unknown}
 r - 2 scrolls of enchant armour
 t - 3 scrolls of remove curse
 B - a scroll of recharging {unknown}
 J - a scroll of fear
 L - 3 scrolls of enchant weapon
 M - 3 scrolls of teleportation
 P - a scroll of brand weapon
 Q - a scroll of identify
Potions
 a - a potion of resistance
 d - a potion of might
 g - a potion of berserk rage
 i - 3 potions of cancellation
 n - 5 potions of agility
 o - 2 potions of magic
 p - a potion of brilliance
 v - 2 potions of haste
 z - a potion of experience {unknown}
 A - 2 potions of curing
Books
 I - a book of Fire

   Spells                             Type                      Level
   a - Ignite Poison                  Fire/Transmutation/Poison    3
   b - Fireball                       Conjuration/Fire             5
   c - Bolt of Fire                   Conjuration/Fire             6
   d - Delayed Fireball               Conjuration/Fire             7
   e - Ring of Flames                 Charms/Fire                  7
   Trog disapproves of the use of such an item.
Miscellaneous
 y - a phial of floods
Comestibles
 b - 5 fruits
 e - 6 bread rations
 l - 6 meat rations
 m - 2 slices of pizza
 E - 2 beef jerkies
 F - 8 royal jellies


   Skills:
 + Level 14.8 Fighting
 - Level 10.1 Axes
 + Level 0.8(6.4) Polearms
 - Level 14.7 Armour
 - Level 3.6 Shields


You had 11 spell levels left.
You didn't know any spells.

Dungeon Overview and Level Annotations

Branches:
Dungeon (9/15)             Temple (0/1) D:5            Lair (3/8) D:9
  Swamp: Lair:3-6    Shoals: Lair:3-6     Snake: Lair:3-6    Spider: Lair:3-6
    Orc: D:9-12

Altars:
Ashenzari
Cheibriados
Dithmenos
Elyvilon
Fedhas
Gozag
Nemelex Xobeh
Qazlal
Ru
Trog
Vehumet
Xom
Yredelemnul
Zin
The Shining One

Shops:
D:5 *   D:8 =


Innate Abilities, Weirdness & Mutations

You reflexively headbutt those who attack you in melee.
You have a pair of horns on your head.
You have supernaturally acute eyesight.
You tend to lose your temper in combat.
Your flesh is cold resistant.
You are resistant to hostile enchantments.
You passively map a small area around you.
Your natural rate of healing is unusually fast.
You can spit weak poison.
Your muscles are strong. (Str +2)


Message History

You are too injured to fight recklessly!
You are too injured to fight recklessly!
You puncture the blink frog! You freeze the blink frog.
You headbutt the blink frog!
The blink frog is almost dead.
The blink frog barely misses you.
The blink frog blinks!
The porcupine barely misses you. The blink frog barely misses you.
You furiously retaliate!
You headbutt the blink frog. The blink frog hits you!
* * * LOW HITPOINT WARNING * * *
The porcupine barely misses you. The blink frog hits you!
* * * LOW HITPOINT WARNING * * *
The blink frog hits you but does no damage.
Drink which item? (? for menu, Esc to quit)
You feel better.
The blink frog hits you but does no damage.
The blink frog hits you!
* * * LOW HITPOINT WARNING * * *
The blink frog blinks!
The porcupine closely misses you.
The blink frog blinks!
The blink frog blinks!
The blink frog hits you!
You die...

, ##....... ,, ..#
#........ .#. .#......#
..## #......# , ...
#).....# ..## #......# *..#
#......# , * , ##r##
##....... , #§@.# #.......#
, ,, ##F####### ##......# ,
, ###§l..##..####.......
,..........O.†.............
.......F.................#
, ,
..[......................#
,
.......F.................#
,
.........................#
.........................#


You could see a komodo dragon, 3 blink frogs and a porcupine.

Vanquished Creatures
  2 hydras
  Erolcha (D:8)
  7 spiny frogs
  A komodo dragon (Lair:1)
  A queen bee (D:9)
  A troll (D:8)
  8 yaks (Lair:1)
  4 hippogriffs
  Grum (D:9)
  14 wolves
  A hungry ghost (D:9)
  7 porcupines
  4 water moccasins
  3 orc warriors
  2 ogres
  4 sky beasts
  A phantom (D:8)
  A wasp (D:9)
  2 necrophages
  A black bear (D:6)
  7 centaurs
  2 big kobolds (D:7)
  5 giant frogs
  2 gnoll sergeants (D:8)
  2 crocodiles (Lair:2)
  A wyvern skeleton (D:8)
  20 killer bees
  3 scorpions (D:9)
  3 wights (D:8)
  A giant frog zombie (D:6)
  2 gnoll shamans (D:8)
  8 hounds
  5 crimson imps
  A centaur skeleton (D:7)
  An electric eel (Lair:1)
  7 orc priests
  A giant frog skeleton (D:4)
  2 jellies
  4 iguanas
  An iron imp (D:8)
  9 orc wizards
  3 worker ants
  4 sheep (Lair:2)
  3 worker ant zombies
  12 adders
  12 gnolls
  50 river rats
  2 shadow imps
  An adder zombie (D:5)
  An adder skeleton (D:4)
  2 worms
  37 orcs
  6 bats
  3 giant cockroaches
  4 goblins
  14 hobgoblins
  3 quokkas
  A ball python (D:2)
  3 giant geckos
  A giant gecko skeleton (D:5)
  3 giant newts
  A jackal skeleton (D:8)
  23 kobolds
  A quokka skeleton (D:8)
  3 rats
346 creatures vanquished.

Vanquished Creatures (collateral kills)
  An iguana (Lair:1)
1 creature vanquished.

Vanquished Creatures (others)
  A human (D:8)
  A big kobold (D:8)
  A hobgoblin (D:8)
  A bush (Lair:2)
  18 fungi (Lair:2)
  7 plants (Lair:2)
29 creatures vanquished.

Grand Total: 376 creatures vanquished

Notes
Turn   | Place    | Note
--------------------------------------------------------------
     0 | D:1      | Tobbichi the Minotaur Fighter began the quest for the Orb.
     0 | D:1      | Reached XP level 1. HP: 19/19 MP: 0/0
   343 | D:1      | Reached XP level 2. HP: 26/26 MP: 1/1
   883 | D:2      | Reached skill level 4 in Axes
   896 | D:2      | Found a shimmering altar of Xom.
  1109 | D:3      | Reached XP level 3. HP: 31/31 MP: 2/2
  1431 | D:3      | Found a faded altar to an unknown god.
  1554 | D:3      | Reached skill level 5 in Axes
  1554 | D:3      | Reached XP level 4. HP: 37/39 MP: 3/3
  1769 | D:4      | Found a bloodstained altar of Trog.
  1770 | D:4      | Reached skill level 6 in Axes
  1911 | D:4      | Found a shattered altar of Ashenzari.
  1926 | D:4      | Reached XP level 5. HP: 30/45 MP: 4/4
  2009 | D:4      | Reached skill level 7 in Axes
  2391 | D:4      | Became a worshipper of Trog the Wrathful
  2440 | D:4      | Noticed an ogre
  2447 | D:4      | Killed an ogre
  2447 | D:4      | Reached skill level 8 in Axes
  2447 | D:4      | Reached XP level 6. HP: 20/51 MP: 5/5
  2899 | D:5      | Entered Level 5 of the Dungeon
  3088 | D:5      | Found a sacrificial altar of Ru.
  3157 | D:5      | Reached skill level 9 in Axes
  3163 | D:5      | Reached XP level 7. HP: 35/57 MP: 6/6
  3348 | D:5      | Gained mutation: Armour fits poorly on your strangely shaped body. [mutagenic meat]
  3349 | D:5      | Gained mutation: You have a pair of large horns on your head. [mutagenic meat]
  3350 | D:5      | Gained mutation: You tend to lose your temper in combat. [mutagenic meat]
  3351 | D:5      | Lost mutation: You have a pair of large horns on your head. [mutagenic meat]
  3352 | D:5      | Gained mutation: You have supernaturally acute eyesight. [mutagenic meat]
  3358 | D:5      | Found a basalt altar of Yredelemnul.
  3387 | D:5      | Found a radiant altar of Vehumet.
  3431 | D:5      | Found a glowing golden altar of the Shining One.
  3438 | D:5      | Found Zin's Purification Station.
  3440 | D:5      | Found a glowing silver altar of Zin.
  3480 | D:5      | Found a sparkling altar of Nemelex Xobeh.
  3670 | D:5      | Found a staircase to the Ecumenical Temple.
  3846 | D:6      | Reached skill level 10 in Axes
  4117 | D:6      | Acquired Trog's first power
  4279 | D:6      | Reached skill level 5 in Fighting
  4279 | D:6      | Reached skill level 5 in Armour
  4279 | D:6      | Reached XP level 8. HP: 57/68 MP: 7/7
  5448 | D:7      | Acquired Trog's second power
  5526 | D:7      | Found a blossoming altar of Fedhas.
  5765 | D:7      | Found an opulent altar of Gozag.
  6308 | D:8      | Noticed a troll
  6328 | D:8      | Killed a troll
  6608 | D:8      | Found Cimeh's Jewellery Shoppe.
  6638 | D:8      | Reached XP level 9. HP: 71/81 MP: 8/8
  6765 | D:8      | Found a runed door.
  6873 | D:8      | Found a basalt altar of Yredelemnul.
  6876 | D:8      | Noticed Erolcha
  6888 | D:8      | Killed Erolcha
  6961 | D:8      | Gained mutation: You are partially covered in molten scales (AC +1). [mutagenic meat]
  6962 | D:8      | Gained mutation: You are weak. (Str -2) [mutagenic meat]
  6964 | D:8      | Gained mutation: You have a pair of large horns on your head. [mutagenic meat]
  6965 | D:8      | Gained mutation: You are frail (-10% HP). [mutagenic meat]
  7144 | D:8      | Reached skill level 10 in Fighting
  7159 | D:8      | Reached skill level 10 in Armour
  7478 | D:8      | Reached XP level 10. HP: 42/84 MP: 9/9
  7847 | D:8      | Found a snail-covered altar of Cheibriados.
  8079 | D:8      | Lost mutation: You tend to lose your temper in combat. [potion of cure mutation]
  8079 | D:8      | Lost mutation: You are weak. (Str -2) [potion of cure mutation]
  8079 | D:8      | Lost mutation: You are frail (-10% HP). [potion of cure mutation]
  8079 | D:8      | Lost mutation: You have a pair of large horns on your head. [potion of cure mutation]
  8079 | D:8      | Lost mutation: Armour fits poorly on your strangely shaped body. [potion of cure mutation]
  8162 | D:8      | Reached skill level 11 in Fighting
  8433 | D:9      | Acquired Trog's third power
  8810 | D:9      | Noticed Grum
  8824 | D:9      | Reached skill level 12 in Fighting
  8832 | D:9      | Killed Grum
  9108 | D:9      | Gained mutation: You passively map a small area around you. [mutagenic meat]
  9109 | D:9      | Gained mutation: You can spit weak poison. [mutagenic meat]
  9111 | D:9      | Gained mutation: You tend to lose your temper in combat. [mutagenic meat]
  9112 | D:9      | Gained mutation: You are resistant to hostile enchantments. [mutagenic meat]
  9113 | D:9      | Lost mutation: You are partially covered in molten scales (AC +1). [mutagenic meat]
  9222 | D:9      | Found a staircase to the Lair.
  9550 | D:9      | Found a stormy altar of Qazlal.
  9551 | D:9      | Found a white marble altar of Elyvilon.
  9715 | Lair:1   | Entered Level 1 of the Lair of Beasts
 10066 | Lair:1   | Reached XP level 11. HP: 106/106 MP: 10/10
 10146 | Lair:1   | Reached skill level 13 in Fighting
 11235 | Lair:1   | Found a shadowy altar of Dithmenos.
 12242 | Lair:2   | Reached skill level 14 in Fighting
 12297 | Lair:2   | Noticed an eight-headed hydra
 12327 | Lair:2   | Killed a 12-headed hydra
 12580 | Lair:2   | Gained mutation: Your muscles are strong. (Str +2) [potion of mutation]
 12580 | Lair:2   | Gained mutation: Your flesh is cold resistant. [potion of mutation]
 12580 | Lair:2   | Gained mutation: Your natural rate of healing is unusually fast. [potion of mutation]
 13253 | Lair:3   | Noticed a four-headed hydra
 13264 | Lair:3   | Killed a seven-headed hydra
 13269 | Lair:3   | Reached XP level 12. HP: 59/118 MP: 11/11
 13270 | Lair:3   | Received a gift from Trog
 13275 | Lair:3   | HP: 3/118 [blink frog (12)]
 13276 | Lair:3   | Slain by a blink frog

Vault maps used:
D:1:      co_arrival_square_in_a_square_in_a_square
D:2:      overflow_temple_1_default
D:3:      ecumenical_altar_2
D:4:      bloody_trog, ashenzari_altar_1
D:5:      lemuel_coloured_pillars_altar, kennysheep_mini_moat,
          old_standard_altar, kennysheep_little_box, old_standard_altar,
          zin_purify, temple_hall, first_bread
D:7:      nicolae_gozag_seed_capital, fedhas_altar_2
D:8:      kennysheep_housing_project, slow_altar_2, serial_shops,
          nicolae_shop_stone, nicolae_ossuary_entry_false_entrances,
          dk_yredelemnul_ordeal, uniq_erolcha
D:9:      gammafunk_temple_overflow_statue, lair_0_dummy, david_nohive_1,
          uniq_grum
Lair:1:   basic_altar, infiniplex_staircase_pool
Lair:2:   grunt_forest_small_clearing_treed, lemuel_fruit_tree
Lair:3:   beast_lair_carwin_6

Action                   |  1- 3 |  4- 6 |  7- 9 | 10-12 || total
-------------------------+-------+-------+-------+-------++-------
Melee: War axe           |    87 |   123 |    64 |       ||   274
       Battleaxe         |       |       |    82 |       ||    82
       Halberd           |       |       |   118 |   492 ||   610
Invok: Berserk           |       |       |     2 |     3 ||     5
       Trog's Hand       |       |       |       |     5 ||     5
       Brothers in Arms  |       |       |       |     3 ||     3
Evoke: Wand              |       |       |       |     2 ||     2
  Use: Scroll            |       |     7 |     8 |     8 ||    23
       Potion            |       |       |     2 |    10 ||    12
  Eat: Chunk             |     2 |     3 |    21 |    22 ||    48
       Bread ration      |       |     1 |       |     2 ||     3
       Meat ration       |       |       |     1 |       ||     1
       Fruit             |       |       |       |     4 ||     4
